 Dungeon Crawl Stone Soup version 0.24-b1 (webtiles) character file.

Game seed: 12656381284658048123, levelgen mode: deterministic

4365 Froggeryz the Slicer (level 10, -6/78 HPs)
             Began as a Kobold Chaos Knight on Oct 13, 2019.
             Was a Plaything of Xom.
             Mangled by a porcupine (13 damage)
             ... on level 9 of the Dungeon.
             The game lasted 00:19:35 (8569 turns).

Froggeryz the Slicer (Kobold Chaos Knight)          Turns: 8569, Time: 00:19:36

Health: -6/78      AC:  5    Str: 10    XL:     10   Next: 60%
Magic:  10/10      EV: 23    Int: 14    God:    Xom [*.....]
Gold:   559        SH:  5    Dex: 21    Spells: 9/9 levels left

rFire    . . .     SeeInvis .   g - +2 short sword (drain)
rCold    + + .     Gourm    .   (shield restricted)
rNeg     . . .     Faith    .   b - +3 leather armour
rPois    .         Spirit   .   (helmet restricted)
rElec    .         Reflect  +   K - scarf {cloud immunity}
rCorr    .         Harm     .   (no gloves)
MR       +....                  P - -1 pair of boots of Wufewo {rC+ MR+ Dex+4}
Stlth    +++.......             D - +5 amulet of reflection
HPRegen  0.23/turn              k - ring of protection from cold
MPRegen  0.12/turn              N - ring of wizardry

@: no status effects
A: small, horns 1, rugged brown scales 1, carnivore, deformed body, robust 2,
evolution 1
a: Renounce Religion


You were on level 9 of the Dungeon.
You worshipped Xom.
You were a special plaything of Xom.
You were completely stuffed.

You visited 1 branch of the dungeon, and saw 9 of its levels.

You collected 624 gold pieces.
You spent 65 gold pieces at shops.

Inventory:

Hand Weapons
 a - a +0 short sword of chaos
 g - a +2 short sword of draining (weapon)
 q - a +2 hunting sling of freezing
 u - a +0 rapier
 v - the +8 shortbow of the Manifold Demons {venom, -Tele rF+++ MR+ Int+5}
   (You found it on level 4 of the Dungeon)

   It poisons the ammo it fires.
   It affects your intelligence (+5).
   It renders you almost immune to fire.
   It affects your resistance to hostile enchantments.
   It prevents most forms of teleportation.
 E - a +2 dagger of draining
Missiles
 f - 3 datura-tipped darts (quivered)
 x - 6 poisoned darts
 O - 15 sling bullets
Armour
 b - a +3 leather armour (worn)
 I - the +4 robe "Pegass" {*Contam rC++ Str+4 Int+3}
   (You found it on level 8 of the Dungeon)

   It affects your strength (+4).
   It affects your intelligence (+3).
   It greatly protects you from cold.
   It causes magical contamination when unequipped.
 K - a scarf of cloud immunity (worn)
 P - the -1 pair of boots of Wufewo (worn) {rC+ MR+ Dex+4}
   (You found it on level 8 of the Dungeon)

   It affects your dexterity (+4).
   It protects you from cold.
   It affects your resistance to hostile enchantments.
Jewellery
 k - a ring of protection from cold (left hand)
 n - an uncursed ring of magical power
 D - a +5 amulet of reflection (around neck)
 N - a ring of wizardry (right hand)
Wands
 l - a wand of iceblast (17)
 y - a wand of paralysis (6)
 G - a wand of digging (6)
 H - a wand of acid (6)
 L - a wand of polymorph (8)
Scrolls
 e - 4 scrolls of magic mapping {unknown}
 i - a scroll of remove curse
 j - 3 scrolls of teleportation
 m - 4 scrolls of fog {unknown}
 o - 6 scrolls of identify
 p - 3 scrolls of enchant weapon
 z - 4 scrolls of immolation {unknown}
 B - a scroll of amnesia {unknown}
 C - 2 scrolls of noise {unknown}
 F - 3 scrolls of fear {unknown}
Potions
 d - a potion of brilliance
 h - a potion of might
 s - 2 potions of degeneration {unknown}
 t - 3 potions of curing {unknown}
 w - a potion of haste {unknown}
 A - a potion of lignification
 J - a potion of heal wounds
Comestibles
 c - 20 rations


   Skills:
 + Level 7.7 Fighting
 - Level 13.1 Short Blades
 - Level 0.7 Armour
 - Level 10.0 Dodging
 * Level 4.8 Stealth


You had 9 spell levels left.
You didn't know any spells.
Your spell library contained the following spells:

 Spells                   Type           Power        Failure   Level  Hunger
 Confusing Touch          Hex            #.....       16%         1    ##.....
 Confuse                  Hex            #.......     41%         3    ####...
 Gell's Gravitas          Tloc           #.........   41%         3    ####...
 Petrify                  Tmut/Erth      #.......     80%         4    #####..
 Metabolic Englaciation   Hex/Ice        #.........   98%         5    ######.
 Yara's Violent Unravell  Hex/Tmut       #.........   98%         5    ######.


Dungeon Overview and Level Annotations

Branches:
Dungeon (9/15)             Temple (0/1) D:4
   Lair: D:8-11         Orc: D:9-12

Altars:
Ashenzari
Elyvilon
Fedhas
Hepliaklqana
Kikubaaqudgha
Makhleb
Nemelex Xobeh
Okawaru
Trog
Vehumet
Wu Jian
Xom
Yredelemnul

Shops:
D:6 !

Annotations:
D:6 1 transporter, Menkaure
D:7 2 runed translucent doors, nht's ghost, novice DsFi


Innate Abilities, Weirdness & Mutations

You are small and have problems with some larger weapons.
You are carnivorous and can eat meat at any time.
You have a pair of small horns on your head.
You are partially covered in rugged brown scales. (AC +1, +3% HP)
Armour fits poorly on your strangely shaped body.
You are very robust. (+20% HP)
You evolve.


Message History

The orc priest looks encouraged for a moment.
The porcupine completely misses you.
The orc priest begins to cast a cantrip, but forgets the words!
An iguana comes into view.
The iguana hisses angrily.
The porcupine closely misses you. The porcupine completely misses you.
The porcupine bites you! The iguana bites you.
The porcupine completely misses you. The iguana barely misses you.
The troll bites you!
* * * LOW HITPOINT WARNING * * *
The troll closely misses you. The troll barely misses you.
Something hits you but does no damage.
Found a stone staircase leading down.
The orc priest mumbles some strange prayers to Beogh against you.
Beogh smites you!
* * * LOW HITPOINT WARNING * * *
The porcupine bites you!
You die...
Xom guffaws!

#......###
....
####.###.#
.... #..##.#
....
##.##.#######
....
#..........#
####
#...o......#
#..........#
#...Trl....#
###.@#######
#..# #..#
##.# #.# #.#
.># ###


You could see a troll, an iguana, a porcupine and an orc priest.

Vanquished Creatures
  2 hippogriffs
  Eustachio (D:4)
  2 humans (D:9)
  Edmund (D:5)
  An orc warrior (D:7)
  A porcupine (D:9)
  A phantom (D:7)
  3 sky beasts
  4 ice beasts
  A necrophage (D:9)
  2 black bears
  4 ogres
  A centaur (D:9)
  A big kobold (D:8)
  A gnoll sergeant (D:8)
  A bullfrog (D:8)
  A wyvern skeleton (D:8)
  A scorpion (D:8)
  11 killer bees (D:8)
  4 jellies
  A crimson imp (D:5)
  A centaur zombie (D:8)
  A bullfrog zombie (D:5)
  A quasit (D:9)
  6 hounds
  A bullfrog skeleton (D:5)
  An orc wizard (D:3)
  2 worker ants
  2 hound zombies
  A hound skeleton (D:6)
  7 gnolls
  5 adders
  A howler monkey skeleton (D:7)
  A river rat (D:3)
  3 shadow imps
  An ooze (D:3)
  2 worms (D:2)
  2 dart slugs
  10 leopard geckos
  20 orcs
  9 giant cockroaches
  18 goblins
  12 hobgoblins
  9 jackals
  24 kobolds
  2 quokkas
  6 bats
  2 frilled lizards (D:2)
  A leopard gecko zombie (D:5)
  7 rats
203 creatures vanquished.

Vanquished Creatures (collateral kills)
  A hungry ghost (D:7)
  An orc warrior (D:8)
  An ogre (D:8)
  A scorpion (D:8)
  A crimson imp (D:8)
  A jelly (D:8)
  A hound (D:8)
  Terence (D:3)
  3 orcs (D:8)
  A giant cockroach (D:8)
  A quokka (D:8)
13 creatures vanquished.

Vanquished Creatures (others)
  7 fungi (D:9)
7 creatures vanquished.

Grand Total: 223 creatures vanquished

Notes
Turn   | Place    | Note
-------+----------+-------------------------------------------
     0 | D:1      | Froggeryz the Kobold Chaos Knight began the quest for the
                  | Orb.
     0 | D:1      | Reached XP level 1. HP: 14/14 MP: 1/1
     8 | D:1      | XOM: divination: magic mapping
    36 | D:1      | XOM: potion effect (haste)
    48 | D:1      | Reached XP level 2. HP: 17/19 MP: 2/2
    89 | D:1      | Reached skill level 5 in Short Blades
   127 | D:1      | Reached XP level 3. HP: 21/23 MP: 3/3
   303 | D:1      | XOM: divination: detect creatures
   480 | D:1      | Reached skill level 6 in Short Blades
   565 | D:2      | XOM: noise
   636 | D:2      | Reached XP level 4. HP: 28/28 MP: 4/4
   660 | D:2      | XOM: mild Conj miscast
  1045 | D:2      | XOM: harmless Chrm miscast
  1140 | D:2      | Found a sparkling altar of Nemelex Xobeh.
  1372 | D:2      | Found a faded altar of an unknown god.
  1629 | D:3      | Reached skill level 7 in Short Blades
  1629 | D:3      | Reached XP level 5. HP: 21/32 MP: 5/5
  1640 | D:3      | XOM: stat loss: -1 Int (12/13)
  1737 | D:3      | XOM: confusion (+ monsters)
  1784 | D:3      | Noticed Sigmund
  1807 | D:3      | XOM: blink monster(s)
  1817 | D:3      | XOM: harmless Summ miscast
  1817 | D:3      | XOM: butterfly on damage
  1819 | D:3      | Noticed Sigmund
  1819 | D:3      | Sigmund changed into Sigmund the river rat
  1819 | D:3      | XOM: polymorph Sigmund -> Sigmund the river rat
  1820 | D:3      | Killed Sigmund the river rat
  2374 | D:3      | Noticed Terence
  2379 | D:3      | XOM: cast spell 'Summon Ice Beast'
  2389 | D:3      | Killed Terence
  2398 | D:3      | XOM: give mutations
  2398 | D:3      | Gained mutation: Armour fits poorly on your strangely
                  | shaped body. [Xom's mischief]
  2398 | D:3      | Gained mutation: Your system is resistant to poisons.
                  | (rPois) [Xom's mischief]
  2464 | D:3      | XOM: polymorph adder -> ooze
  2469 | D:3      | XOM: medium Erth miscast
  2508 | D:3      | Found a bloodstained altar of Trog.
  2977 | D:4      | Found a staircase to the Ecumenical Temple.
  2983 | D:4      | Noticed Eustachio
  2984 | D:4      | XOM: harmless Air miscast
  3002 | D:4      | Killed Eustachio
  3002 | D:4      | Reached skill level 9 in Short Blades
  3002 | D:4      | Reached XP level 6. HP: 32/37 MP: 6/6
  3205 | D:4      | Got a twisted shortbow
  3206 | D:4      | Identified the +8 shortbow of the Manifold Demons {venom,
                  | -Tele rF+++ MR+ Int+5} (You found it on level 4 of the
                  | Dungeon)
  3425 | D:5      | Entered Level 5 of the Dungeon
  3463 | D:5      | Noticed Edmund
  3489 | D:5      | Killed Edmund
  3489 | D:5      | Reached XP level 7. HP: 30/41 MP: 7/7
  3505 | D:5      | Reached skill level 10 in Short Blades
  3639 | D:5      | Found a burning altar of Makhleb.
  3639 | D:5      | Noticed a cacodemon
  3774 | D:5      | Found a hazy altar of Hepliaklqana.
  3850 | D:5      | XOM: smoke on damage
  4140 | D:5      | You fall into a shaft and drop 3 floors!
  4140 | D:8      | XOM: harmless Pois miscast
  4156 | D:8      | Reached skill level 11 in Short Blades
  4163 | D:8      | Reached XP level 8. HP: 7/46 MP: 8/8
  4205 | D:8      | XOM: god gift: scroll of teleportation
  4220 | D:8      | XOM: scenery: create altars
  4428 | D:8      | XOM: divination: detect items
  4431 | D:8      | XOM: give mutations
  4431 | D:8      | Gained mutation: You are robust. (+10% HP) [Xom's grace]
  4431 | D:8      | Gained mutation: You are partially covered in rugged brown
                  | scales. (AC +1, +3% HP) [Xom's grace]
  4431 | D:8      | Gained mutation: You are very robust. (+20% HP) [Xom's
                  | grace]
  4599 | D:7      | XOM: summons 8 friendly demons
  4601 | D:7      | Reached skill level 12 in Short Blades
  4761 | D:7      | XOM: scenery: create altars
  4785 | D:6      | Found a blossoming altar of Fedhas.
  4794 | D:6      | XOM: cast spell 'Death Channel'
  4797 | D:6      | XOM: god gift: 2 scrolls labeled NUCODAREPP {god gift}
  4819 | D:6      | Found a transporter.
  4822 | D:6      | Found a transporter.
  4823 | D:6      | Noticed a vampire
  4826 | D:6      | Noticed Menkaure
  4826 | D:6      | Found an ancient bone altar of Kikubaaqudgha.
  4826 | D:6      | Found a basalt altar of Yredelemnul.
  4873 | D:6      | Found an ornate altar of the Wu Jian Council.
  4879 | D:6      | Reached skill level 13 in Short Blades
  5044 | D:6      | XOM: enchant monster (good)
  5079 | D:6      | Reached XP level 9. HP: 55/63 MP: 9/9
  5117 | D:6      | Found Pimoryapha's Distillery.
  5123 | D:6      | Bought a potion of heal wounds for 65 gold pieces
  5129 | D:6      | Found a radiant altar of Vehumet.
  5487 | D:5      | XOM: medium Chrm miscast
  5516 | D:5      | Reached skill level 5 in Dodging
  5529 | D:5      | Found a shattered altar of Ashenzari.
  5662 | D:5      | XOM: mild Conj miscast
  6017 | D:5      | XOM: silly message
  6289 | D:7      | Reached skill level 5 in Fighting
  6399 | D:7      | Noticed a hippogriff
  6410 | D:7      | Killed a hippogriff
  6560 | D:7      | XOM: god gift: scale mail {god gift}
  6573 | D:7      | XOM: confuse monster(s)
  6629 | D:7      | Found a large runed translucent door.
  6630 | D:7      | Found a large runed translucent door.
  6631 | D:7      | Noticed nht's ghost (novice DsFi)
  6740 | D:8      | XOM: cloud trail
  6830 | D:8      | XOM: harmless Air miscast
  6836 | D:8      | XOM: potion effect (agility)
  6849 | D:8      | XOM: summons friendly white imp
  7134 | D:8      | Found a white marble altar of Elyvilon.
  7328 | D:8      | Got a heavily jewelled robe
  7329 | D:8      | Identified the +4 robe "Pegass" {*Contam rC++ Str+4 Int+3}
                  | (You found it on level 8 of the Dungeon)
  7355 | D:8      | Noticed a hippogriff
  7394 | D:8      | XOM: noise
  7402 | D:8      | Reached XP level 10. HP: 66/73 MP: 10/10
  7420 | D:8      | XOM: scenery: create altars
  7421 | D:8      | XOM: confuse monster(s)
  7602 | D:8      | XOM: cleaving
  7605 | D:8      | Reached skill level 10 in Dodging
  7854 | D:8      | Got a pair of spiked boots
  7855 | D:8      | Identified the -1 pair of boots of Wufewo {rC+ MR+ Dex+4}
                  | (You found it on level 8 of the Dungeon)
  7865 | D:8      | Lost mutation: Your system is resistant to poisons. (rPois)
                  | [potion of mutation]
  7865 | D:8      | Gained mutation: You evolve. [potion of mutation]
  7865 | D:8      | Gained mutation: You have a pair of small horns on your
                  | head. [potion of mutation]
  7928 | D:8      | Reached skill level 1 in Stealth
  7977 | D:9      | XOM: noise
  8086 | D:9      | Found an iron altar of Okawaru.
  8225 | D:9      | XOM: cleaving
  8549 | D:9      | XOM: swap monsters
  8569 | D:9      | Mangled by a porcupine

Skill      XL: |  1  2  3  4  5  6  7  8  9 10 |
---------------+-------------------------------+-----
Short Blades   | 5 6 7 9 11 13 | 13.1
Dodging        | 3 8 10 | 10.0
Fighting       | 6 7 |  7.7
Stealth        | 4 |  4.8
Armour         | |  0.7

Action                   |  1- 3 |  4- 6 |  7- 9 | 10-12 || total
-------------------------+-------+-------+-------+-------++-------
Melee: Short sword       |    93 |   227 |   484 |   146 ||   950
       Headbutt          |       |       |       |    14 ||    14
 Fire: Hunting sling     |       |       |     5 |       ||     5
Evoke: Wand              |       |     1 |     1 |     1 ||     3
  Use: Scroll            |     2 |     4 |     7 |     1 ||    14
       Potion            |       |     6 |     2 |     2 ||    10
 Stab: Sleeping          |     1 |     2 |       |       ||     3
       Paralysed         |     2 |       |     1 |       ||     3
       Petrified         |       |     1 |     1 |       ||     2
       Petrifying        |       |     1 |       |       ||     1
       Betrayed ally     |       |     1 |       |       ||     1
       Confused          |       |       |     1 |     3 ||     4
       Distracted        |       |       |     1 |       ||     1
  Eat: Chunk             |     6 |    10 |    16 |     6 ||    38
Armor: Leather armour    |    14 |    52 |    52 |    13 ||   131
       Skin              |       |    18 |       |       ||    18
Dodge: Dodged            |    56 |   145 |   246 |   115 ||   562
Block: Other             |       |       |       |     9 ||     9
       Reflection        |       |       |       |     1 ||     1
